[Event "Titled Tuesday Blitz November 08 Early 2022"]
[White "Krysa, Leandro"]
[Black "Lawson, Eric"]
[WhiteFideId "116807"]
[BlackFideId "2604116"]
[WhiteElo "2485"]
[BlackElo "2511"]
[Result "0-1"]
[Round "11"]
[TimeControl "180+1"]
[Date "2022.11.09"]
[WhiteClock "0:00:03"]
[BlackClock "0:00:10"]

1. e4 c5 2. Nf3 Nc6 3. d4 cxd4 4. Nxd4 Nf6 5. Nc3 e5 6. Ndb5 d6 7. Bg5 a6 8. Na3 b5 9. Nab1 Be7 10. Bxf6 Bxf6 11. a4 b4 12. Nd5 a5 13. Bc4 O-O 14. Qd3 Be6 15. Nd2 Bg5 16. O-O Bxd2 17. Qxd2 Rc8 18. c3 bxc3 19. bxc3 Ne7 20. Nxe7+ Qxe7 21. Bd5 Bxd5 22. Qxd5 Rc5 23. Qd3 Rfc8 24. Rfc1 Qc7 25. Rab1 g6 26. h4 Qc6 27. Rb5 Rc4 28. Rxa5 Rxe4 29. Ra6 Qc4 30. Qxc4 Rexc4 31. a5 d5 32. Rd1 R8c5 33. h5 gxh5 34. Rd6 Rxa5 35. R1xd5 Rxd5 36. Rxd5 f6 37. Rd3 Kf7 38. f3 h4 39. Kh2 Ke6 40. Kh3 f5 41. Re3 Kf6 42. Rd3 Kg5 43. Rd7 h6 44. Rg7+ Kf4 45. Kxh4 e4 46. fxe4 fxe4 47. Kh5 Rc5+ 48. Kxh6 e3 49. Rf7+ Ke4 50. Rf1 e2 51. Rh1 Rxc3 52. g4 Rg3 53. g5 Kf5 54. Re1 Rg2 55. g6 Rxg6+ 56. Kh5 Re6 57. Kh4 Kf4 58. Kh3 Kf3 0-1


[Site "https://www.chess.com"]

[Event "Titled Tuesday Blitz November 08 Early 2022"]
[White "Kukula, Pawel"]
[Black "Zemlyanskii, Ivan"]
[WhiteFideId "1115081"]
[BlackFideId "24249971"]
[WhiteElo "2046"]
[BlackElo "2107"]
[Result "0-1"]
[Round "11"]
[TimeControl "180+1"]
[Date "2022.11.09"]
[WhiteClock "0:01:06"]
[BlackClock "0:01:42"]

1. c4 e6 2. Nf3 d5 3. e3 Nf6 4. b3 c5 5. Bb2 Nc6 6. cxd5 exd5 7. d4 cxd4 8. Nxd4 Bb4+ 9. Ke2 O-O 10. a3 Bc5 11. b4 Bb6 12. f3 Re8 13. Kf2 Qe7 14. Qd2 Bd7 15. Be2 Rac8 16. Rd1 Ne5 17. Nc3 Neg4+ 18. fxg4 Rxc3 19. Bf3 Rxe3 20. h3 Ne4+ 21. Kxe3 Nxd2+ 22. Kxd2 Qe3+ 23. Kc2 Ba4+ 24. Kb1 Bxd1 25. Bxd1 0-1


[Site "https://www.chess.com"]

[Event "Titled Tuesday Blitz November 08 Early 2022"]
[White "Ladan, Nicholas"]
[Black "Csonka, Balazs"]
[WhiteFideId "30918855"]
[BlackFideId "742910"]
[WhiteElo "2167"]
[BlackElo "2404"]
[Result "1/2-1/2"]
[Round "11"]
[TimeControl "180+1"]
[Date "2022.11.09"]
[WhiteClock "0:00:02"]
[BlackClock "0:00:04"]

1. Nc3 Nf6 2. e4 e6 3. g3 b6 4. e5 Bb7 5. exf6 Bxh1 6. fxg7 Bxg7 7. f3 h5 8. Ne4 h4 9. g4 h3 10. Nxh3 Rxh3 11. Bxh3 Qh4+ 12. Ng3 Qxh3 13. Nxh1 Qxh2 14. Nf2 Bd4 15. Nd3 Qg3+ 16. Ke2 Qg2+ 17. Ke1 Nc6 18. Qe2 Qg3+ 19. Kd1 O-O-O 20. c3 Rh8 21. Kc2 Rh2 22. Qe4 d5 23. Qf4 Qxf4 24. Nxf4 Be3 25. Nh5 Ne5 26. Kb3 Bxd2 27. Bxd2 Rxd2 28. Re1 Nd3 29. Rf1 Rxb2+ 30. Ka3 Rc2 31. Kb3 Rb2+ 32. Ka3 Rd2 33. f4 a5 34. f5 e5 35. g5 Kb7 36. g6 fxg6 37. f6 b5 38. f7 c6 39. f8=Q b4+ 40. Kb3 Rb2+ 41. Ka4 Rxa2+ 42. Kb3 Rb2+ 43. Ka4 Ra2+ 44. Kb3 Rb2+ 45. Ka4 Ra2+ 1/2-1/2


[Site "https://www.chess.com"]

[Event "Titled Tuesday Blitz November 08 Early 2022"]
[White "Lakshmi C"]
[Black "Kohler, Aran"]
[WhiteFideId "25035347"]
[BlackFideId "1002856"]
[WhiteElo "1865"]
[BlackElo "2355"]
[Result "1-0"]
[Round "11"]
[TimeControl "180+1"]
[Date "2022.11.09"]
[WhiteClock "0:00:36"]
[BlackClock "0:00:12"]

1. e4 c5 2. Nf3 d6 3. d4 cxd4 4. Nxd4 Nf6 5. Nc3 a6 6. a4 e5 7. Nb3 Be6 8. Bg5 Be7 9. Bxf6 Bxf6 10. Nd5 Nc6 11. a5 Rc8 12. Nb6 Rc7 13. c4 O-O 14. Qd2 Bg5 15. Qc3 f5 16. Bd3 fxe4 17. Bxe4 Ne7 18. Rd1 Kh8 19. O-O Rf4 20. f3 Rf8 21. Qb4 Be3+ 22. Kh1 Bc5 23. Nxc5 Rxc5 24. Bxb7 Qc7 25. Bxa6 Nc6 26. Qd2 Rxa5 27. Qxd6 Qxb6 28. Bb5 Rf6 29. Qxc6 Qxc6 30. Bxc6 Rf8 31. b4 Ra2 32. c5 Bc4 33. Rfe1 Bb3 34. Rb1 Bc2 35. Ra1 Rxa1 36. Rxa1 h6 37. Ra8 Rxa8 38. Bxa8 Ba4 39. c6 Kg8 40. Bb7 Kf8 41. c7 1-0


[Site "https://www.chess.com"]

[Event "Titled Tuesday Blitz November 08 Early 2022"]
[White "Le, Tuan Minh"]
[Black "Nakamura, Hikaru"]
[WhiteFideId "12401153"]
[BlackFideId "2016192"]
[WhiteElo "2530"]
[BlackElo "2909"]
[Result "1-0"]
[Round "11"]
[TimeControl "180+1"]
[Date "2022.11.08"]
[WhiteClock "0:00:10"]
[BlackClock "0:00:08"]

1. d4 g6 2. e4 Bg7 3. Bc4 d6 4. Nf3 Nf6 5. Qe2 O-O 6. O-O Bg4 7. c3 Nc6 8. h3 Bxf3 9. Qxf3 e5 10. d5 Ne7 11. Bd3 Nd7 12. c4 f5 13. Nc3 fxe4 14. Qxe4 Nc5 15. Qe2 Nf5 16. Be3 Nxe3 17. fxe3 Qh4 18. Bc2 e4 19. Nb5 Be5 20. Rxf8+ Rxf8 21. Rf1 Rxf1+ 22. Qxf1 Qg5 23. Qe2 Bg3 24. Nc3 Qf5 25. b4 Qe5 26. Qd2 Na6 27. a3 Nb8 28. Nxe4 Bh4 29. Qd4 Nd7 30. Bd1 Be7 31. Bg4 Qxd4 32. exd4 Nb6 33. c5 Nc4 34. a4 b6 35. Kf2 Nb2 36. Ke2 bxc5 37. dxc5 dxc5 38. bxc5 Nxa4 39. d6 cxd6 40. cxd6 Bd8 41. Be6+ Kg7 42. Kd3 Nb6 43. Kd4 a5 44. Kc5 a4 45. g4 a3 46. Ba2 Nd7+ 47. Kc6 Ne5+ 48. Kb7 Nd3 49. Kc8 Ba5 50. d7 Nb4 51. Bb3 a2 52. Bxa2 Nxa2 53. Nd6 Nc3 54. Nc4 Nd5 55. Nxa5 Nb6+ 56. Kc7 Nxd7 57. Kxd7 Kf6 58. Nc6 Kg5 59. Ke6 Kh4 60. Ne5 Kxh3 61. Kf6 Kh4 62. g5 Kh5 63. Nf7 Kg4 64. Kg7 1-0


[Site "https://www.chess.com"]

[Event "Titled Tuesday Blitz November 08 Early 2022"]
[White "Lehtosaari, Mauri"]
[Black "Mirzoev, Azer"]
[WhiteFideId "501999"]
[BlackFideId "13400304"]
[WhiteElo "2508"]
[BlackElo "2525"]
[Result "0-1"]
[Round "11"]
[TimeControl "180+1"]
[Date "2022.11.09"]
[WhiteClock "0:00:02"]
[BlackClock "0:00:22"]

1. d4 d5 2. Nf3 Nf6 3. Bg5 Bf5 4. Nbd2 e6 5. e3 h6 6. Bh4 c5 7. c3 Nc6 8. Ne5 Be7 9. Nxc6 bxc6 10. Qa4 Qb6 11. b3 O-O 12. Be2 cxd4 13. exd4 c5 14. O-O cxd4 15. cxd4 Rfc8 16. Rfc1 Bc2 17. Ba6 Rc3 18. Nf3 Qb4 19. Qxb4 Bxb4 20. a3 Ba5 21. b4 Bb6 22. Bxf6 gxf6 23. Kf1 Bd3+ 24. Bxd3 Rxd3 25. Ke2 Rb3 26. Rd1 a5 27. Rab1 Rxa3 28. bxa5 Bxa5 29. Rb2 Ra7 30. Rdb1 Kg7 31. h3 h5 32. Rb3 Ra2+ 33. R1b2 Bc7 34. Rb7 Bd6 35. Rb6 Bf4 36. g3 Bc1 37. Rxa2 Rxa2+ 38. Kf1 Bb2 39. Rb4 Bc3 40. Rb3 Rc2 41. h4 Kg6 42. Rb7 e5 43. dxe5 fxe5 44. Rc7 f6 45. Rd7 d4 46. Rd5 Kf5 47. Rd8 Ke4 48. Ng1 d3 49. Kg2 Bd4 50. Nh3 d2 51. f3+ Kd3 0-1


[Site "https://www.chess.com"]

[Event "Titled Tuesday Blitz November 08 Early 2022"]
[White "Lewtak, Damian"]
[Black "Kuznetsova, Olga"]
[WhiteFideId "1141724"]
[BlackFideId "4191323"]
[WhiteElo "2329"]
[BlackElo "2134"]
[Result "1-0"]
[Round "11"]
[TimeControl "180+1"]
[Date "2022.11.09"]
[WhiteClock "0:00:22"]
[BlackClock "0:00:05"]

1. e4 e5 2. Nf3 Nf6 3. Nxe5 d6 4. Nf3 Nxe4 5. c3 Nf6 6. d4 d5 7. Bd3 Bd6 8. O-O O-O 9. h3 h6 10. Re1 Be6 11. Nbd2 Nbd7 12. Nf1 Re8 13. Ng3 Nf8 14. Nh4 Bxg3 15. fxg3 c6 16. Bd2 Qb6 17. Qb3 Qc7 18. Bf4 Qd7 19. Nf3 Ne4 20. Ne5 Qd8 21. Qxb7 Rb8 22. Qxc6 Rxb2 23. Reb1 Rxb1+ 24. Rxb1 g5 25. Be3 Nd7 26. Bxe4 Nxe5 27. dxe5 dxe4 28. Qxe4 Qa5 29. h4 Qxa2 30. Rd1 Qe2 31. Rd2 Qe1+ 32. Kh2 Kg7 33. Rf2 Rh8 34. Qf3 Qxc3 35. Qf6+ Kh7 36. hxg5 hxg5 37. Qxg5 Qd3 38. Rf6 Qg6 39. Rxg6 fxg6 40. Kg1 Bf7 41. Qf6 Kg8 42. e6 1-0


[Site "https://www.chess.com"]

[Event "Titled Tuesday Blitz November 08 Early 2022"]
[White "Luberanski, Jakub"]
[Black "Averjanov, Alexey"]
[WhiteFideId "21830509"]
[BlackFideId "14109867"]
[WhiteElo "2109"]
[BlackElo "2584"]
[Result "0-1"]
[Round "11"]
[TimeControl "180+1"]
[Date "2022.11.09"]
[WhiteClock "0:00:04"]
[BlackClock "0:01:39"]

1. d4 d5 2. c4 dxc4 3. e3 Nf6 4. Bxc4 e6 5. Nf3 a6 6. a4 c5 7. O-O Nc6 8. Nc3 cxd4 9. exd4 Nb4 10. Bg5 Be7 11. Re1 O-O 12. Ne5 Bd7 13. Qd2 Bc6 14. Rad1 Bd5 15. Nxd5 Nfxd5 16. Bxe7 Nxe7 17. Qxb4 Qc7 18. Rc1 Rac8 19. h3 Nf5 20. Qd2 Rfd8 21. Bf1 Qd6 22. Rxc8 Rxc8 23. Rc1 Rd8 24. Nc4 Qe7 25. Nb6 Nxd4 26. Rc8 Rxc8 27. Nxc8 Qd8 28. Qc3 Nc6 29. Bxa6 Qxc8 30. Bb5 Qd7 31. a5 Qd1+ 32. Kh2 Qd6+ 33. g3 Ne7 34. b4 h5 35. h4 Qd5 36. Be2 Qf5 37. Qf3 Qc2 38. Qxh5 Nd5 39. Qf3 Nxb4 40. Bb5 Nd5 41. Bd3 Qc3 42. Be4 Qxa5 43. h5 Qd2 44. g4 b5 45. Kg3 b4 46. Kh4 Nc3 47. g5 Qd4 0-1


[Site "https://www.chess.com"]

[Event "Titled Tuesday Blitz November 08 Early 2022"]
[White "Luxama, Jacques Muller"]
[Black "Szente Varga, Fruzsina"]
[WhiteFideId "11900113"]
[BlackFideId "712264"]
[WhiteElo "1931"]
[BlackElo "1994"]
[Result "1-0"]
[Round "11"]
[TimeControl "180+1"]
[Date "2022.11.09"]
[WhiteClock "0:00:39"]
[BlackClock "0:00:02"]

1. e4 Nf6 2. e5 Nd5 3. d4 d6 4. exd6 exd6 5. Nf3 Be7 6. Bc4 Nb6 7. Bb3 O-O 8. O-O Bg4 9. c3 Nc6 10. Re1 Bf6 11. h3 Bxf3 12. Qxf3 Re8 13. Be3 d5 14. Nd2 Qd7 15. Bc2 Ne7 16. a4 c6 17. a5 Nbc8 18. Bf4 Nd6 19. b4 Ng6 20. Bg3 Nh4 21. Bxh7+ Kxh7 22. Qh5+ Kg8 23. Bxh4 Bxh4 24. Qxh4 Qf5 25. Nf3 Ne4 26. Re3 Re6 27. Rae1 Rae8 28. Qg4 Qxg4 29. hxg4 Nxc3 30. Rxe6 Rxe6 31. Rxe6 fxe6 32. Ng5 Na2 33. Nxe6 Nxb4 34. Nd8 b6 35. axb6 axb6 36. Kf1 Kf8 37. Ne6+ Kf7 38. Nf4 Nc2 39. Ne2 b5 40. Nf4 Nxd4 41. Nd3 Ke6 42. Ke1 Kd6 43. Kd2 c5 44. f4 c4 45. Nb4 Kc5 46. Na6+ Kd6 47. g3 Nc6 48. f5 d4 49. g5 Ke5 50. g4 b4 51. g6 b3 52. Nc5 c3+ 53. Kc1 b2+ 54. Kb1 Kd5 55. Ne6 Kc4 56. f6 Kb3 57. Nc5+ Kc4 58. f7 d3 59. f8=Q 1-0


[Site "https://www.chess.com"]

[Event "Titled Tuesday Blitz November 08 Early 2022"]
[White "Maghsoodloo, Parham"]
[Black "Sarana, Alexey"]
[WhiteFideId "12539929"]
[BlackFideId "24133795"]
[WhiteElo "2676"]
[BlackElo "2708"]
[Result "0-1"]
[Round "11"]
[TimeControl "180+1"]
[Date "2022.11.08"]
[WhiteClock "0:00:01"]
[BlackClock "0:00:05"]

1. e4 c5 2. Nf3 d6 3. d4 cxd4 4. Nxd4 Nf6 5. Nc3 a6 6. Bg5 e6 7. f4 Qb6 8. Nb3 Qe3+ 9. Qe2 Ng4 10. Nd1 Qxe2+ 11. Bxe2 Nf6 12. Bxf6 gxf6 13. Ne3 Bd7 14. O-O-O b5 15. Kb1 h5 16. Bf3 Ra7 17. g3 h4 18. f5 Nc6 19. fxe6 fxe6 20. Ng4 Be7 21. Nc1 Ne5 22. Nxe5 dxe5 23. Nd3 Kf7 24. Rdf1 hxg3 25. hxg3 Rxh1 26. Rxh1 Kg7 27. a3 Bc6 28. c3 a5 29. Kc2 Bd6 30. Re1 f5 31. Bh1 Rc7 32. exf5 Bxh1 33. f6+ Kxf6 34. Rxh1 Rg7 35. Nf2 Kf5 36. Rh5+ Kg6 37. Rh4 Kf5 38. Rh5+ Kg6 39. g4 Rf7 40. Ne4 Bc7 41. Rg5+ Kh7 42. Kd3 Rf3+ 43. Ke2 Rf4 44. Nc5 Bb6 45. Nxe6 Rf2+ 46. Kd3 Rxb2 47. Rxe5 Rb3 48. Kc2 Rxa3 49. Rxb5 Bg1 50. Rb1 Ra2+ 51. Kd3 Rg2 52. g5 a4 53. Ra1 Rg4 54. Ke2 Bb6 55. Kf3 Rc4 56. Ra3 Ba5 57. Ke2 Re4+ 58. Kd3 Rxe6 59. Rxa4 Bd8 60. Re4 Ra6 61. c4 Kg6 62. c5 Kf5 63. Rd4 Bc7 64. Kc4 Be5 65. Rd8 Kxg5 66. Kd5 Bf4 67. Rf8 Ra1 68. Ke6 Re1+ 69. Kd5 Rd1+ 70. Ke4 Bc7 71. Rf7 Bh2 72. Rg7+ Kf6 73. Rh7 Bb8 74. Rh8 Bc7 75. Rh7 Ba5 76. Rh8 Ke6 77. Rh6+ Ke7 78. Rd6 Rc1 79. Kd5 Bb4 80. Rc6 Rd1+ 81. Kc4 Be1 82. Rd6 Rc1+ 83. Kd5 Bf2 84. Re6+ Kf7 85. Rc6 Be3 86. Rc7+ Kf6 87. c6 Bf4 88. Rd7 Rc2 89. Rh7 Rc1 90. Rd7 Bg3 91. Rb7 Rd1+ 92. Ke4 Ke6 93. Rh7 Re1+ 94. Kd4 Bf2+ 95. Kd3 Rc1 96. Rh6+ Kd5 97. Kd2 Rc4 98. Kd3 Rc1 99. Kd2 Ra1 100. c7 Ra8 101. Ke2 Bc5 102. Kd3 Rc8 103. Rh5+ Kc6 104. Kc4 Bd6 105. Rh6 Rg8 106. Kd4 Rg4+ 107. Ke3 Kxc7 108. Kf3 Ra4 109. Ke3 Kc6 110. Kf3 Kd5 111. Rh5+ Be5 112. Rf5 Ra3+ 113. Kf2 Ke4 114. Rf7 Ra2+ 115. Kf1 Bf4 116. Re7+ Kf3 0-1


[Site "https://www.chess.com"]

[Event "Titled Tuesday Blitz November 08 Early 2022"]
[White "Manon-og, Ramon Jr."]
[Black "Vidruska, Renate"]
[WhiteFideId "5200776"]
[BlackFideId "11601841"]
[WhiteElo "2237"]
[BlackElo "1877"]
[Result "1-0"]
[Round "11"]
[TimeControl "180+1"]
[Date "2022.11.09"]
[WhiteClock "0:00:08"]
[BlackClock "0:01:35"]

1. e4 e5 2. Nf3 Nc6 3. Bc4 Nf6 4. Ng5 d5 5. exd5 Na5 6. Bb5+ c6 7. dxc6 bxc6 8. Bd3 Nd5 9. Nf3 Nf4 10. O-O Nxd3 11. cxd3 Bg4 12. Re1 f6 13. h3 Bxf3 14. Qxf3 Be7 15. Qh5+ g6 16. Qh6 Kf7 17. Re3 Bc5 18. Rf3 Nb7 19. Nc3 Be7 20. Ne4 Qf8 21. Qe3 Kg7 22. b3 Rd8 23. Bb2 Nd6 24. Nc5 Qf7 25. g4 Qd5 26. Re1 Nb5 27. Ne4 Rhf8 28. g5 f5 29. Nf6 Bxf6 30. gxf6+ Kxf6 31. Bxe5+ Kf7 32. Rg3 Kg8 33. Qh6 Qf7 34. Kh2 Rfe8 35. f4 Nd4 36. Reg1 Re6 37. Qh4 Rde8 38. Bxd4 Re2+ 39. R1g2 Rxg2+ 40. Rxg2 Qd5 41. Be5 Qxd3 42. Qf6 Qd7 43. Qh8+ Kf7 44. Qxh7+ Ke6 45. Rxg6+ Kd5 46. Qxd7+ Kc5 47. Qd4+ Kb5 48. Qc4+ Kb6 49. Rxc6+ Kb7 50. Qb5+ Ka8 51. Rc7 Rd8 52. Qb7# 1-0


[Site "https://www.chess.com"]

[Event "Titled Tuesday Blitz November 08 Early 2022"]
[White "Martin, Lewis"]
[Black "Muminova, Nafisa"]
[WhiteFideId "410551"]
[BlackFideId "14201526"]
[WhiteElo "2145"]
[BlackElo "2258"]
[Result "0-1"]
[Round "11"]
[TimeControl "180+1"]
[Date "2022.11.09"]
[WhiteClock "0:00:11"]
[BlackClock "0:00:12"]

1. e4 e6 2. d4 d5 3. Nd2 Nf6 4. e5 Nfd7 5. f4 c5 6. c3 Nc6 7. Ndf3 Qa5 8. Kf2 b6 9. Ne2 Ba6 10. a3 Bxe2 11. Bxe2 c4 12. b3 b5 13. a4 Qxc3 14. Bd2 Qxb3 15. Qxb3 cxb3 16. axb5 Nb4 17. Rhb1 Nc2 18. Ra4 Nb6 19. Ra6 Bb4 20. Rxb3 Bxd2 21. Nxd2 Nxd4 22. Rba3 O-O 23. Rxa7 f6 24. exf6 gxf6 25. Bd3 Rxa7 26. Rxa7 Rf7 27. Rxf7 Kxf7 28. Bxh7 f5 29. Ke3 Nxb5 30. Nf3 Nc4+ 31. Kd3 Kg7 32. Ng5 Nbd6 33. Kd4 Nf7 34. Nxe6+ Kxh7 35. Kxd5 Ne3+ 36. Kc6 Nxg2 37. Kd7 Kg6 38. Ke7 Nh6 39. h3 Ng8+ 40. Kd6 Nf6 41. Ke5 Nd7+ 42. Kd6 Nf6 43. Ke5 Nh4 44. Nf8+ Kf7 45. Ne6 Ke7 46. Ng5 Nd7+ 47. Kd5 Nf6+ 48. Ke5 Nd7+ 49. Kd5 Kf6 50. Kd6 Nb6 51. Kc5 Na4+ 52. Kd4 Nb6 53. Kc5 Nc8 54. Kd5 Ne7+ 55. Kd4 Ng8 56. Ke3 Nh6 57. Kf2 Nf7 58. Kg3 Nxg5 59. Kxh4 Ne4 60. Kh5 Ng3+ 61. Kh4 Ne2 62. Kh5 Nxf4+ 63. Kh6 Ng2 64. h4 Nxh4 65. Kh5 Ng2 66. Kh6 f4 0-1


[Site "https://www.chess.com"]

[Event "Titled Tuesday Blitz November 08 Early 2022"]
[White "Matlakov, Maxim"]
[Black "Bortnyk, Olexandr"]
[WhiteFideId "4168003"]
[BlackFideId "14120828"]
[WhiteElo "2669"]
[BlackElo "2723"]
[Result "0-1"]
[Round "11"]
[TimeControl "180+1"]
[Date "2022.11.08"]
[WhiteClock "0:00:15"]
[BlackClock "0:01:00"]

1. Nf3 Nf6 2. d4 d6 3. c4 g6 4. Nc3 Bf5 5. Nh4 Bd7 6. e4 Bg7 7. Nf3 O-O 8. Be2 c5 9. d5 Na6 10. O-O Nc7 11. a4 a6 12. a5 Rb8 13. Bg5 b5 14. axb6 Rxb6 15. Ra2 Qb8 16. Qd2 Bg4 17. h3 Bxf3 18. Bxf3 Re8 19. Qc2 Nd7 20. Bg4 Ne5 21. Be2 Rb4 22. Nd1 Nd7 23. Bd2 Rb3 24. Ba5 Rb7 25. Bc3 Bxc3 26. Nxc3 e5 27. h4 h5 28. g3 Qd8 29. Kg2 Qe7 30. Qd2 Reb8 31. Rb1 Rb4 32. Qc2 Kg7 33. b3 Nf6 34. Ra3 Qd7 35. Bd1 Ng8 36. Rba1 Nh6 37. Qd2 Qe7 38. Na2 R4b6 39. Nc1 f5 40. Ne2 Rf8 41. Nc3 f4 42. Bf3 Rf7 43. Rf1 Rb8 44. Ne2 Rbf8 45. gxf4 Qxh4 46. Rh1 Qe7 47. f5 Nxf5 48. exf5 Rxf5 49. b4 e4 50. Bxh5 Rxf2+ 51. Kg1 Rf1+ 52. Kg2 R8f2+ 53. Kg3 Qe5+ 54. Nf4 Rxd2 0-1


[Site "https://www.chess.com"]

[Event "Titled Tuesday Blitz November 08 Early 2022"]
[White "Mazurkiewicz, Michal"]
[Black "Rose, Felix"]
[WhiteFideId "1124943"]
[BlackFideId "5105722"]
[WhiteElo "2063"]
[BlackElo "2039"]
[Result "1-0"]
[Round "11"]
[TimeControl "180+1"]
[Date "2022.11.09"]
[WhiteClock "0:00:54"]
[BlackClock "0:00:01"]

1. e4 e5 2. Nf3 Nc6 3. Bb5 a6 4. Bxc6 dxc6 5. O-O Bg4 6. h3 h5 7. d3 Qf6 8. Nbd2 O-O-O 9. hxg4 hxg4 10. Nh2 Kb8 11. Qxg4 Nh6 12. Qg3 Be7 13. Ndf3 Qe6 14. Ng5 Bxg5 15. Bxg5 f6 16. Bxh6 Rxh6 17. Ng4 Rg6 18. f3 Qd6 19. Qf2 Rh8 20. Qe3 Rg5 21. Kf2 Rgh5 22. c3 g6 23. b4 b6 24. a4 Kb7 25. c4 f5 26. exf5 gxf5 27. c5 Qe6 28. Qxe5 Qb3 29. Ne3 f4 30. Qxf4 Qb2+ 31. Kg3 Rg8+ 32. Ng4 Rgh8 33. cxb6 cxb6 34. Rae1 R8h7 35. Re8 1-0


[Site "https://www.chess.com"]

[Event "Titled Tuesday Blitz November 08 Early 2022"]
[White "Melikhov, Evgeny V."]
[Black "Kim, Sergey"]
[WhiteFideId "4122046"]
[BlackFideId "13700570"]
[WhiteElo "2169"]
[BlackElo "2582"]
[Result "0-1"]
[Round "11"]
[TimeControl "180+1"]
[Date "2022.11.09"]
[WhiteClock "0:00:05"]
[BlackClock "0:00:56"]

1. d4 Nf6 2. c4 g6 3. Nc3 Bg7 4. e4 d6 5. f3 O-O 6. Be3 Nc6 7. Nge2 a6 8. Qd2 Rb8 9. Bh6 e5 10. d5 Ne7 11. h4 Kh8 12. Bxg7+ Kxg7 13. h5 Neg8 14. O-O-O Nxh5 15. g4 Nhf6 16. Ng3 h6 17. Be2 Nh7 18. Rdg1 Qg5 19. Nf5+ Kh8 20. Nxh6 Qxd2+ 21. Kxd2 Nxh6 22. Rxh6 Kg7 23. Rgh1 Ng5 24. Ke3 Bd7 25. b4 Rfe8 26. c5 a5 27. a3 axb4 28. axb4 Ra8 29. Bb5 Red8 30. Bxd7 Rxd7 31. c6 bxc6 32. dxc6 Rdd8 33. Nd5 Ra3+ 34. Ke2 Rc8 35. b5 Rb3 36. Ne7 Ra8 37. Nd5 Ra2+ 0-1


[Site "https://www.chess.com"]

[Event "Titled Tuesday Blitz November 08 Early 2022"]
[White "Mills, Morgen"]
[Black "Rios Escobar, Adan"]
[WhiteFideId "2013304"]
[BlackFideId "3403645"]
[WhiteElo "2271"]
[BlackElo "2341"]
[Result "0-1"]
[Round "11"]
[TimeControl "180+1"]
[Date "2022.11.09"]
[WhiteClock "0:00:02"]
[BlackClock "0:00:05"]

1. e4 c5 2. Nf3 d6 3. Bb5+ Nd7 4. d4 cxd4 5. Bxd7+ Bxd7 6. Qxd4 e5 7. Qd3 Rc8 8. O-O a6 9. b3 Qc7 10. c4 b5 11. Nbd2 Nf6 12. Rd1 Be7 13. Nh4 g6 14. Nhf3 Qb7 15. Ba3 Qb8 16. cxb5 Bxb5 17. Nc4 O-O 18. Bxd6 Bxd6 19. Qxd6 Nxe4 20. Qxb8 Rxb8 21. Ncxe5 Rfe8 22. Re1 Nc3 23. Nd4 Rbd8 24. Nxb5 axb5 25. Nc6 Rxe1+ 26. Rxe1 Rd2 27. a4 bxa4 28. bxa4 Nxa4 29. Ne5 Nc3 30. g3 Kg7 31. Kf1 Ra2 32. Ng4 h5 33. Ne3 Ne4 34. Re2 Ra1+ 35. Kg2 Ng5 36. h4 Ne6 37. Nd5 Ra5 38. Nc3 Rc5 39. Ne4 Re5 40. f3 Rd5 41. Rd2 Rf5 42. Nc3 Rc5 43. Nd5 Rc1 44. Ne3 Rc3 45. Nd5 Ra3 46. Kf2 Nc5 47. Ne3 Nd3+ 48. Ke2 Ne5 49. f4 Ng4 50. Nxg4 hxg4 51. Kf2 f5 52. Kg2 Rf3 53. Rf2 Re3 54. Rd2 Kf6 55. Rd6+ Kf7 56. Rd7+ Kf6 57. Rd6+ Kf7 58. Rd7+ Re7 59. Rxe7+ Kxe7 60. Kf2 Kd6 61. Ke2 Kc5 62. Kd3 Kd5 63. Ke3 Kc4 64. Kd2 Kd4 65. Ke2 Ke4 66. Kf2 Kd3 67. Ke1 Ke3 68. Kf1 Kf3 0-1


[Site "https://www.chess.com"]

[Event "Titled Tuesday Blitz November 08 Early 2022"]
[White "Mosadeghpour, Masoud"]
[Black "Pakleza, Zbigniew"]
[WhiteFideId "12519278"]
[BlackFideId "1119290"]
[WhiteElo "2393"]
[BlackElo "2411"]
[Result "0-1"]
[Round "11"]
[TimeControl "180+1"]
[Date "2022.11.08"]
[WhiteClock "0:00:14"]
[BlackClock "0:00:03"]

1. e4 d6 2. d4 Nf6 3. Nc3 c6 4. Nf3 Bg4 5. Be2 e6 6. O-O d5 7. e5 Nfd7 8. h3 Bxf3 9. Bxf3 c5 10. Nxd5 Nc6 11. Bg5 Qa5 12. b4 cxb4 13. Ne3 Nb6 14. a3 bxa3 15. c4 Qc3 16. Rc1 Qb2 17. Rb1 Qc3 18. Rb3 Qa5 19. c5 Bxc5 20. dxc5 Qxc5 21. Qd6 Qxd6 22. exd6 Nd4 23. Rxa3 Nxf3+ 24. gxf3 f6 25. Bf4 Kd7 26. Rfa1 e5 27. Bg3 Kxd6 28. f4 exf4 29. Bxf4+ Ke6 30. Rxa7 g5 31. Bg3 Rhc8 32. Rxa8 Rxa8 33. Rb1 Ra6 34. Bc7 Nd7 35. Rxb7 Ra3 36. Rb4 Nc5 37. Rb6+ Kf7 38. Bd6 Ra1+ 39. Kg2 Ne4 0-1


[Site "https://www.chess.com"]

[Event "Titled Tuesday Blitz November 08 Early 2022"]
[White "Moskvin, Anatoly"]
[Black "Janaszak, Dawid"]
[WhiteFideId "24199990"]
[BlackFideId "1119206"]
[WhiteElo "2079"]
[BlackElo "2226"]
[Result "0-1"]
[Round "11"]
[TimeControl "180+1"]
[Date "2022.11.09"]
[WhiteClock "0:00:07"]
[BlackClock "0:00:05"]

1. e4 Nc6 2. Nf3 e5 3. Bc4 Nf6 4. d3 d5 5. exd5 Nxd5 6. O-O Nb6 7. Bb3 Bd6 8. h3 O-O 9. a4 a5 10. Be3 Kh8 11. Bxb6 cxb6 12. Nc3 f5 13. Re1 Bd7 14. Qd2 Nd4 15. Nxe5 f4 16. Nf7+ Rxf7 17. Bxf7 Bxh3 18. Ne4 Bxg2 19. Kxg2 f3+ 20. Kh3 Qd7+ 21. Kh4 Qe7+ 22. Qg5 Nxc2 23. Nxd6 Qxd6 24. Rac1 Qh2+ 25. Kg4 Nxe1 26. Rxe1 Qxf2 27. Qe7 h6 28. Bg6 Qg2+ 29. Kf5 Qh3+ 30. Kf4 Rg8 31. Qe6 Qh4+ 32. Kxf3 Rf8+ 33. Ke3 Qxe1+ 34. Kd4 Qxe6 35. Bf5 Qf6+ 36. Kc4 Rd8 37. Kb5 Qd4 38. Be6 Qb4# 0-1


[Site "https://www.chess.com"]

[Event "Titled Tuesday Blitz November 08 Early 2022"]
[White "Namitbir Singh Walia"]
[Black "Melikyan, Gnel"]
[WhiteFideId "35071068"]
[BlackFideId "54109990"]
[WhiteElo "2239"]
[BlackElo "2138"]
[Result "0-1"]
[Round "11"]
[TimeControl "180+1"]
[Date "2022.11.09"]
[WhiteClock "0:00:21"]
[BlackClock "0:00:14"]

1. e4 c5 2. Nf3 Nc6 3. Bb5 g6 4. Bxc6 dxc6 5. O-O Bg7 6. d3 Nf6 7. Be3 Nxe4 8. dxe4 Qxd1 9. Rxd1 Bxb2 10. Nbd2 Bxa1 11. Rxa1 b6 12. a4 O-O 13. a5 Ba6 14. Ne5 Rfc8 15. axb6 axb6 16. Nd7 Bb7 17. Rb1 Ra2 18. Nxb6 Rd8 19. Nbc4 Ba6 20. Ne5 Rxc2 21. Nb3 Rb2 22. Ra1 Rxb3 23. Nxc6 Re8 24. Bxc5 e5 25. f3 Bb7 26. Ne7+ Kg7 27. Rd1 Rb5 28. Ba3 Ra8 29. Bd6 Rd8 30. Bxe5+ Rxe5 31. Rxd8 Rxe7 32. Kf2 Bc6 33. Rd6 Rc7 34. Ke3 Bb7 35. h4 Rc2 36. Rd7 Bc8 37. Rd8 Be6 38. g3 h6 39. Kf4 Rc3 40. g4 Bc4 41. Rc8 Rc2 42. Ke5 Bd3 43. Rxc2 Bxc2 44. g5 h5 45. f4 Kf8 46. f5 Ke7 47. f6+ Kd7 48. Kd5 Bb3+ 49. Ke5 Kc6 50. Kd4 Kd6 51. e5+ Ke6 52. Ke4 Bd5+ 53. Kf4 Bc6 0-1


[Site "https://www.chess.com"]

[Event "Titled Tuesday Blitz November 08 Early 2022"]
[White "Noboa Silva, Kevin"]
[Black "Kopylov, Alexander A."]
[WhiteFideId "3618471"]
[BlackFideId "4164857"]
[WhiteElo "2178"]
[BlackElo "2436"]
[Result "0-1"]
[Round "11"]
[TimeControl "180+1"]
[Date "2022.11.09"]
[WhiteClock "0:00:06"]
[BlackClock "0:00:47"]

1. d4 Nf6 2. c4 e6 3. Nc3 Bb4 4. e3 O-O 5. Bd3 c5 6. Ne2 d5 7. cxd5 exd5 8. dxc5 Nbd7 9. a3 Bxc5 10. O-O Ne5 11. b4 Bd6 12. Bb2 Bg4 13. h3 Bh5 14. Qc2 Bg6 15. Bxg6 hxg6 16. Rad1 Nc4 17. Bc1 Rc8 18. Qb3 a5 19. Nd4 axb4 20. axb4 Qb6 21. b5 Bb8 22. Nf3 Rfd8 23. Ne2 Ne4 24. Bb2 Rc5 25. Bd4 Qxb5 26. Rb1 Qxb3 27. Rxb3 Rc7 28. Rd1 Rcd7 29. g4 f6 30. Nc3 Na5 31. Rb5 Nc6 32. Na4 Nxd4 33. Nxd4 Ba7 34. Ne6 Rc8 35. Rbxd5 Rxd5 36. Rxd5 Rc1+ 37. Kg2 Rc2 38. Rd7 Rxf2+ 39. Kg1 Bxe3 40. Rxg7+ Kh8 41. Rxg6 Re2+ 42. Kf1 Ng3# 0-1


[Site "https://www.chess.com"]